Login

Coachella Valley Firebirds vs Bakersfield Condors

Created - 03 April 2024 at 23:16

Goals
1 2 3 OT1 T
Coachella Valley Firebirds 0 3 0 1 4
Bakersfield Condors 1 1 1 0 3
Shots
1 2 3 OT1 T
Coachella Valley Firebirds 4 11 5 5 25
Bakersfield Condors 4 5 3 6 18

GoalsPenalties
1st period
1. Bakersfield Condors , Xavier Bourgault 2 (Lane Pederson 7, Drake Caggiula 11) at 19:35
No Penalty
2nd period
2. Coachella Valley Firebirds , Shane Wright 4 (Marian Studenic 5, Max McCormick 8) at 4:13 (PP)
3. Coachella Valley Firebirds , Tye Kartye 4 (Kole Lind 4, Cameron Hughes 5) at 15:09 (PP)
4. Coachella Valley Firebirds , Jimmy Schuldt 1 (Shane Wright 6, Max McCormick 9) at 19:09 (PP)
5. Bakersfield Condors , Drake Caggiula 12 (Noah Philp 4) at 19:31
Ryker Evans (COA) for Slashing (Minor) at 1:17
Drake Caggiula (BAK) for Roughing (Minor) at 3:59
Markus Niemelainen (BAK) for Holding (Minor) at 14:51
Noah Philp (BAK) for Roughing (Minor) at 18:52
Kole Lind (COA) for Tripping (Minor) at 19:56
3rd period
6. Bakersfield Condors , James Hamblin 6 (Lane Pederson 8, Noah Philp 5) at 12:37 (PP)
Luke Henman (COA) for Cross-checking (Minor) at 1:23
Max McCormick (COA) for Tripping (Minor) at 12:31
Max McCormick (COA) for Holding (Minor) at 12:42
Overtime #1
7. Coachella Valley Firebirds , Tye Kartye 5 (Max McCormick 10) at 3:50
No Penalty
Goalie Stats
Mads Sogaard (COA), 15 saves from 18 shots - (0.833), W, 4-7-1, 63:50 minutes
Olivier Rodrigue (BAK), 21 saves from 25 shots - (0.840), OTL, 2-5-3, 63:50 minutes
3 StarsOfficial
1 - Tye Kartye (COA)
2 - Lane Pederson (BAK)
3 - Xavier Bourgault (BAK)
Referees : Robert Hennessey and Jon McIsaac
Linesman : Kyle Flemington and Jake Davis
Game Note
Noel Hoefenmayer is injured at 2:38 of 1st overtime period (Right Leg)
Finance
Level 1 -- Attendance: 1922 (96.10%) -- Ticket Income $67,270
Level 2 -- Attendance: 870 (87.00%) -- Ticket Income $13,050
Total Attendance: 2792 (93.07%)
Total Ticket Income: $80,320
Other Income: $39,357
Total Income: $119,677



Team Name Goals Shots Shots Attemp Shots Blocked PIM HIT PP PK FO%
Coachella Valley Firebirds 42546710143 / 3 (100%)160%
Bakersfield Condors 3183686151 / 5 (20%)340%

Coachella Valley Firebirds
Player Name POS G A P +/- PIM HIT SHT SB MP PP MP PP SHT PK MP PK SHT FO% FOT GA TA
Andrew PoturalskiC000-1000015:530:0000:000100% 100
Cal O'ReillyC000000002:290:0000:0500% 000
Cale FleuryD0000012525:560:0003:4800% 010
Cameron HughesLW0110012016:270:0902:2610% 000
David GoyetteRW000001006:050:0000:0000% 000
Gustav OlofssonD000-1021126:470:2804:2900% 002
Jimmy SchuldtD101-1001018:370:2113:0100% 000
Kole LindC011-1202019:110:0902:29086% 711
Luke HenmanC0000200016:450:0001:49067% 600
Marian StudenicRW011-1024024:430:4003:56029% 700
Max McCormickLW0330422022:310:4002:450100% 100
Mitch ReinkeD0000000015:030:0000:5200% 000
Peetro SeppalaD0000000015:350:2800:4100% 000
Ryker EvansD000-1212019:460:2102:0910% 010
Shane WrightC112-1004019:460:4020:00061% 2800
Tye KartyeLW2020032118:250:0910:5700% 000
Ville OttavainenD000000006:070:0000:0000% 000
Ville PetmanC0000013013:170:0000:00033% 311
Bakersfield Condors
Player Name POS G A P +/- PIM HIT SHT SB MP PP MP PP SHT PK MP PK SHT FO% FOT GA TA
Ben GleasonD0001010019:074:2200:4900% 000
Cam DineenD0001011122:323:0800:0000% 000
Carl BerglundC000000002:310:0000:0000% 000
Carter SavoieLW000001108:580:0700:00038% 801
Drake CaggiulaLW1120211021:003:2000:00050% 412
Greg McKeggC0000010018:263:2000:00017% 600
James HamblinLW1010001119:074:0310:1700% 100
Kyle MayhewD0000000018:390:0000:0000% 000
Lane PedersonC0222023023:143:5700:0000% 310
Markus NiemelainenD000-1203221:260:0000:0000% 010
Noah PhilpLW0221220119:413:5600:32045% 1101
Noel HoefenmayerD0001020119:274:2200:4900% 010
Philip KempD0001020022:583:0800:0000% 000
Raphael LavoieRW0000000019:483:2000:49050% 200
Seth GriffithRW0000011014:160:0000:0000% 100
Ty TullioRW0000001019:090:2700:0000% 100
Xavier BourgaultRW1011016220:190:0000:00056% 1600
Zach TsekosC000000000:000:0000:0000% 000

Coachella Valley Firebirds

5 vs 5 Forward
Line #Left WingCenterRight WingPHYDFOFWanted %Time %Time Play
1Max McCormickShane WrightMarian Studenic1224038%19:35
2Tye KartyeKole LindAndrew Poturalski1223032%16:44
3Cameron HughesVille PetmanLuke Henman1222025%12:46
4Max McCormickLuke HenmanMarian Studenic122105%2:36
5 vs 5 Defense
Line #DefenseDefensePHYDFOFWanted %Time %Time Play
1Cale FleuryGustav Olofsson1224033%16:57
2Ryker EvansJimmy Schuldt1223030%15:15
3Peetro SeppalaMitch Reinke1222027%13:56
4Ville OttavainenGustav Olofsson1221011%5:33
Power Play Forward
Line #Left WingCenterRight WingPHYDFOFWanted %Time %Time Play
1Max McCormickShane WrightMarian Studenic1226082%0:40
2Tye KartyeKole LindCameron Hughes1224018%0:09
Power Play Defense
Line #DefenseDefensePHYDFOFWanted %Time %Time Play
1Peetro SeppalaGustav Olofsson1226057%0:28
2Ryker EvansJimmy Schuldt1224043%0:21
Penalty Kill 4 Players Forward
Line #CenterWingPHYDFOFWanted %Time %Time Play
1Marian StudenicMax McCormick1226086%6:01
2Kole LindTye Kartye1224014%0:57
Penalty Kill 4 Players Defense
Line #DefenseDefensePHYDFOFWanted %Time %Time Play
1Cale FleuryGustav Olofsson1226057%3:57
2Ryker EvansJimmy Schuldt1224043%3:01
Penalty Kill 3 Players
Line #WingPHYDFOFWanted %Time %Time PlayDefenseDefensePHYDFOFWanted %Time %Time Play
1Max McCormick12260100%0:32 Mitch ReinkeGustav Olofsson12260100%0:32
2Kole Lind122400%0:00 Ryker EvansJimmy Schuldt122400%0:00
4 vs 4 Forward
Line #CenterWingPHYDFOFWanted %Time %Time Play
1Marian StudenicMax McCormick122600%0:00
2Kole LindTye Kartye122400%0:00
4 vs 4 Defense
Line #DefensePHYDFOFWanted %Time %Time Play
1Peetro SeppalaGustav Olofsson122600%0:00
2Ryker EvansJimmy Schuldt122400%0:00
Last Minutes Offensive
Left WingCenterRight WingDefenseDefense
Max McCormickShane WrightMarian StudenicCale FleuryGustav Olofsson
Last Minutes Defensive
Left WingCenterRight WingDefenseDefense
Max McCormickShane WrightMarian StudenicCale FleuryGustav Olofsson
Time
Total ForwardTotal DefenseLast Minutes OffensiveLast Minutes Defensive
60:00 60:00 0:000:00
Extra Forwards
Normal PowerPlayPenalty Kill
Kole Lind, Cameron Hughes, Ville PetmanKole Lind, Cameron HughesKole Lind
Extra Defensemen
Normal PowerPlayPenalty Kill
Peetro Seppala, Mitch Reinke, Ville OttavainenPeetro Seppala, Peetro SeppalaMitch Reinke
Penalty Shots
Shane Wright, Marian Studenic, Max McCormick, Tye Kartye, Kole Lind
Goalie
Mads Sogaard, Chris Driedger
Custom OT Lines Forwards
Shane Wright, Marian Studenic, Max McCormick, Tye Kartye, Kole Lind, Cameron Hughes, Ville Petman, Luke Henman, Cal O'Reilly, Andrew Poturalski
Custom OT Lines Defensemen
Cale Fleury, Gustav Olofsson, Ryker Evans, Jimmy Schuldt, Peetro Seppala
Scratches
Mark Rassell (Healthy), Ryan Sandelin (Lacerated Right Calf Injury)

Bakersfield Condors

5 vs 5 Forward
Line #Left WingCenterRight WingPHYDFOFWanted %Time %Time Play
1Ty TullioXavier BourgaultLane Pederson1224039%20:10
2Drake CaggiulaGreg McKeggRaphael Lavoie1223030%15:21
3James HamblinNoah PhilpSeth Griffith1222025%13:08
4Noah PhilpDrake CaggiulaLane Pederson122106%3:02
5 vs 5 Defense
Line #DefenseDefensePHYDFOFWanted %Time %Time Play
1Kyle MayhewMarkus Niemelainen1224038%19:44
2Philip KempCam Dineen1223029%15:13
3Ben GleasonNoel Hoefenmayer1222025%12:53
4Cam DineenPhilip Kemp122107%3:51
Power Play Forward
Line #Left WingCenterRight WingPHYDFOFWanted %Time %Time Play
1Lane PedersonNoah PhilpJames Hamblin1226056%4:10
2Drake CaggiulaGreg McKeggRaphael Lavoie1224044%3:20
Power Play Defense
Line #DefenseDefensePHYDFOFWanted %Time %Time Play
1Ben GleasonNoel Hoefenmayer1226058%4:22
2Philip KempCam Dineen1224042%3:08
Penalty Kill 4 Players Forward
Line #CenterWingPHYDFOFWanted %Time %Time Play
1Raphael LavoieNoah Philp12260100%0:49
2Drake CaggiulaJames Hamblin122400%0:00
Penalty Kill 4 Players Defense
Line #DefenseDefensePHYDFOFWanted %Time %Time Play
1Noel HoefenmayerBen Gleason12260100%0:49
2Philip KempCam Dineen122400%0:00
Penalty Kill 3 Players
Line #WingPHYDFOFWanted %Time %Time PlayDefenseDefensePHYDFOFWanted %Time %Time Play
1Drake Caggiula122600%0:00 Noel HoefenmayerBen Gleason122600%0:00
2James Hamblin122400%0:00 Philip KempCam Dineen122400%0:00
4 vs 4 Forward
Line #CenterWingPHYDFOFWanted %Time %Time Play
1Noah PhilpRaphael Lavoie122600%0:00
2Drake CaggiulaJames Hamblin122400%0:00
4 vs 4 Defense
Line #DefensePHYDFOFWanted %Time %Time Play
1Ben GleasonNoel Hoefenmayer122600%0:00
2Philip KempCam Dineen122400%0:00
Last Minutes Offensive
Left WingCenterRight WingDefenseDefense
James HamblinLane PedersonDrake CaggiulaMarkus NiemelainenCam Dineen
Last Minutes Defensive
Left WingCenterRight WingDefenseDefense
James HamblinLane PedersonDrake CaggiulaMarkus NiemelainenCam Dineen
Time
Total ForwardTotal DefenseLast Minutes OffensiveLast Minutes Defensive
60:00 60:00 0:000:00
Extra Forwards
Normal PowerPlayPenalty Kill
Ty Tullio, Carter Savoie, James HamblinTy Tullio, Carter SavoieJames Hamblin
Extra Defensemen
Normal PowerPlayPenalty Kill
Ben Gleason, Noel Hoefenmayer, Philip KempBen Gleason, Noel HoefenmayerPhilip Kemp
Penalty Shots
Noah Philp, Lane Pederson, Drake Caggiula, Raphael Lavoie, James Hamblin
Goalie
Olivier Rodrigue, Calvin Pickard
Custom OT Lines Forwards
Carter Savoie, Xavier Bourgault, Drake Caggiula, Ty Tullio, James Hamblin, Raphael Lavoie, Seth Griffith, Noah Philp, Lane Pederson, Greg McKegg
Custom OT Lines Defensemen
Markus Niemelainen, Noel Hoefenmayer, Philip Kemp, Cam Dineen, Ben Gleason
Scratches
Connor Brown (Left Foot Injury), Ryan Fanti (Healthy)


Play-by-Play

1st period


0:01 of 1st period - Shane Wright wins face-off versus Xavier Bourgault in neutral zone.
0:04 of 1st period - Xavier Bourgault is hit by Marian Studenic.
0:16 of 1st period - Wrist shot by Lane Pederson.
0:16 of 1st period - Stopped by Mads Sogaard without a rebound.
0:17 of 1st period - Kole Lind wins face-off versus Greg McKegg in Coachella Valley Firebirds zone.
0:26 of 1st period - Ryker Evans is hit by Philip Kemp and loses puck.
0:33 of 1st period - Slapshot by Cam Dineen.
0:33 of 1st period - Stopped by Mads Sogaard with a rebound.
0:43 of 1st period - Cameron Hughes is hit by Philip Kemp and loses puck.
0:48 of 1st period - Wrist shot by Seth Griffith.
0:48 of 1st period - Deflect By James Hamblin.
0:48 of 1st period - Shot Misses the Net.
0:48 of 1st period - Puck is out of play.
0:49 of 1st period - Luke Henman wins face-off versus Lane Pederson in Coachella Valley Firebirds zone.
2:10 of 1st period - Off-side.
2:11 of 1st period - Kole Lind wins face-off versus Xavier Bourgault in neutral zone.
2:14 of 1st period - Philip Kemp is hit by Cale Fleury and loses puck.
2:50 of 1st period - Snap shot by Kole Lind.
2:50 of 1st period - Shot Blocked by Cam Dineen.
3:21 of 1st period - Snap shot by Kole Lind.
3:21 of 1st period - Shot Hit the Post.
3:23 of 1st period - Wrist shot by Tye Kartye.
3:23 of 1st period - Shot Blocked by James Hamblin.
3:25 of 1st period - Snap shot by Kole Lind.
3:25 of 1st period - Shot Blocked by Noah Philp.
3:27 of 1st period - Slapshot by Cale Fleury.
3:27 of 1st period - Stopped by Olivier Rodrigue without a rebound.
3:28 of 1st period - Xavier Bourgault wins face-off versus Shane Wright in Bakersfield Condors zone.
4:17 of 1st period - Greg McKegg is hit by Max McCormick and loses puck.
4:49 of 1st period - Wrist shot by Seth Griffith.
4:49 of 1st period - Shot Misses the Net.
6:19 of 1st period - Cale Fleury is hit by Lane Pederson and loses puck.
7:21 of 1st period - James Hamblin is hit by Max McCormick and loses puck.
8:16 of 1st period - Ty Tullio is hit by Ryker Evans and loses puck.
9:26 of 1st period - Icing by Marian Studenic.
9:27 of 1st period - Shane Wright wins face-off versus Xavier Bourgault in Coachella Valley Firebirds zone.
9:32 of 1st period - Snap shot by Seth Griffith.
9:32 of 1st period - Deflect By Ty Tullio.
9:32 of 1st period - Stopped by Mads Sogaard with a rebound.
11:43 of 1st period - Peetro Seppala is hit by Greg McKegg and loses puck.
14:44 of 1st period - Cameron Hughes is hit by Noah Philp and loses puck.
14:51 of 1st period - Ville Petman is hit by Noel Hoefenmayer and loses puck.
18:35 of 1st period - Icing by Jimmy Schuldt.
18:36 of 1st period - Shane Wright wins face-off versus Noah Philp in Coachella Valley Firebirds zone.
18:49 of 1st period - Xavier Bourgault is hit by Tye Kartye and loses puck.
19:01 of 1st period - Icing by Gustav Olofsson.
19:02 of 1st period - Kole Lind wins face-off versus Greg McKegg in Coachella Valley Firebirds zone.
19:06 of 1st period - Off-side.
19:07 of 1st period - Luke Henman wins face-off versus Greg McKegg in neutral zone.
19:13 of 1st period - Snap shot by Max McCormick.
19:13 of 1st period - Stopped by Olivier Rodrigue with a rebound.
19:15 of 1st period - Snap shot by Marian Studenic.
19:15 of 1st period - Stopped by Olivier Rodrigue with a rebound.
19:23 of 1st period - Slapshot by Marian Studenic.
19:23 of 1st period - Stopped by Olivier Rodrigue with a rebound.
19:35 of 1st period - Slapshot by Xavier Bourgault.
19:35 of 1st period - Goal by Xavier Bourgault - Coachella Valley Firebirds : 0 - Bakersfield Condors : 1.
19:36 of 1st period - Xavier Bourgault wins face-off versus Shane Wright in neutral zone.
Goals for this period are 0 for Coachella Valley Firebirds vs 1 for Bakersfield Condors.
Shots for this period are 4 for Coachella Valley Firebirds vs 4 for Bakersfield Condors.

2nd period


0:01 of 2nd period - Luke Henman wins face-off versus Lane Pederson in neutral zone.
0:04 of 2nd period - Snap shot by Marian Studenic.
0:04 of 2nd period - Shot Misses the Net.
0:06 of 2nd period - Slapshot by Luke Henman.
0:06 of 2nd period - Shot Misses the Net.
0:08 of 2nd period - Snap shot by Cale Fleury.
0:08 of 2nd period - Shot Misses the Net.
0:10 of 2nd period - Wrist shot by Marian Studenic.
0:10 of 2nd period - Shot Hit the Post.
0:12 of 2nd period - Slapshot by Cale Fleury.
0:12 of 2nd period - Stopped by Olivier Rodrigue with a rebound.
0:14 of 2nd period - Snap shot by Gustav Olofsson.
0:14 of 2nd period - Stopped by Olivier Rodrigue without a rebound.
0:15 of 2nd period - Shane Wright wins face-off versus Noah Philp in Bakersfield Condors zone.
0:16 of 2nd period - Backhand shot by Max McCormick.
0:16 of 2nd period - Stopped by Olivier Rodrigue without a rebound.
0:17 of 2nd period - Drake Caggiula wins face-off versus Shane Wright in Bakersfield Condors zone.
0:49 of 2nd period - Snap shot by Kole Lind.
0:49 of 2nd period - Shot Misses the Net.
0:51 of 2nd period - Snap shot by Kole Lind.
0:51 of 2nd period - Shot Misses the Net.
0:53 of 2nd period - Slapshot by Cale Fleury.
0:53 of 2nd period - Shot Blocked by Markus Niemelainen.
1:17 of 2nd period - Minor Penalty to Ryker Evans for Slashing.
1:18 of 2nd period - Marian Studenic wins face-off versus Noah Philp in Coachella Valley Firebirds zone.
1:29 of 2nd period - Snap shot by Lane Pederson.
1:29 of 2nd period - Shot Blocked by Cale Fleury.
3:17 of 2nd period - Penalty to Ryker Evans is over, Ryker Evans is back on ice.
3:31 of 2nd period - Snap shot by Kole Lind.
3:31 of 2nd period - Stopped by Olivier Rodrigue without a rebound.
3:32 of 2nd period - Xavier Bourgault wins face-off versus Ville Petman in Bakersfield Condors zone.
3:53 of 2nd period - Raphael Lavoie is hit by Tye Kartye and loses puck.
3:59 of 2nd period - Minor Penalty to Drake Caggiula for Roughing.
4:00 of 2nd period - Shane Wright wins face-off versus Raphael Lavoie in Bakersfield Condors zone.
4:11 of 2nd period - Snap shot by Marian Studenic.
4:11 of 2nd period - Shot Misses the Net.
4:13 of 2nd period - Backhand shot by Shane Wright.
4:13 of 2nd period - Goal by Shane Wright - Coachella Valley Firebirds : 1 - Bakersfield Condors : 1.
4:14 of 2nd period - Xavier Bourgault wins face-off versus Shane Wright in neutral zone.
4:46 of 2nd period - Wrist shot by Max McCormick.
4:46 of 2nd period - Shot Misses the Net.
8:04 of 2nd period - Snap shot by Ville Petman.
8:04 of 2nd period - Stopped by Olivier Rodrigue with a rebound.
8:06 of 2nd period - Snap shot by Cale Fleury.
8:06 of 2nd period - Shot Misses the Net.
9:49 of 2nd period - Drake Caggiula is hit by Tye Kartye and loses puck.
13:02 of 2nd period - Ben Gleason is hit by Gustav Olofsson and loses puck.
13:31 of 2nd period - Noel Hoefenmayer is hit by Cameron Hughes and loses puck.
14:51 of 2nd period - Minor Penalty to Markus Niemelainen for Holding.
14:52 of 2nd period - Raphael Lavoie wins face-off versus Shane Wright in Bakersfield Condors zone.
15:09 of 2nd period - Snap shot by Tye Kartye.
15:09 of 2nd period - Goal by Tye Kartye - Coachella Valley Firebirds : 2 - Bakersfield Condors : 1.
15:10 of 2nd period - Shane Wright wins face-off versus Xavier Bourgault in neutral zone.
15:17 of 2nd period - Slapshot by Gustav Olofsson.
15:17 of 2nd period - Deflect By Marian Studenic.
15:17 of 2nd period - Shot Misses the Net.
15:17 of 2nd period - Puck is out of play.
15:18 of 2nd period - Xavier Bourgault wins face-off versus Shane Wright in Bakersfield Condors zone.
15:23 of 2nd period - Wrist shot by Xavier Bourgault.
15:23 of 2nd period - Shot Misses the Net.
15:25 of 2nd period - Snap shot by Xavier Bourgault.
15:25 of 2nd period - Stopped by Mads Sogaard without a rebound.
15:26 of 2nd period - Shane Wright wins face-off versus Ty Tullio in Coachella Valley Firebirds zone.
15:56 of 2nd period - Kole Lind is hit by Drake Caggiula and loses puck.
16:18 of 2nd period - Wrist shot by Ville Petman.
16:18 of 2nd period - Stopped by Olivier Rodrigue with a rebound.
16:20 of 2nd period - Slapshot by Cale Fleury.
16:20 of 2nd period - Shot Misses the Net.
16:22 of 2nd period - Wrist shot by Ville Petman.
16:22 of 2nd period - Deflect By James Hamblin.
16:22 of 2nd period - Stopped by Olivier Rodrigue with a rebound.
16:34 of 2nd period - Slapshot by Lane Pederson.
16:34 of 2nd period - Stopped by Mads Sogaard without a rebound.
16:35 of 2nd period - Xavier Bourgault wins face-off versus Marian Studenic in Coachella Valley Firebirds zone.
16:36 of 2nd period - Snap shot by Lane Pederson.
16:36 of 2nd period - Shot Misses the Net.
16:38 of 2nd period - Snap shot by Xavier Bourgault.
16:38 of 2nd period - Stopped by Mads Sogaard with a rebound.
16:46 of 2nd period - Snap shot by Xavier Bourgault.
16:46 of 2nd period - Deflect By Ty Tullio.
16:46 of 2nd period - Shot Misses the Net.
16:46 of 2nd period - Puck is out of play.
16:47 of 2nd period - Andrew Poturalski wins face-off versus Xavier Bourgault in Coachella Valley Firebirds zone.
16:47 of 2nd period - Andrew Poturalski is hit by Xavier Bourgault.
17:10 of 2nd period - Icing by Markus Niemelainen.
17:11 of 2nd period - Shane Wright wins face-off versus Xavier Bourgault in Bakersfield Condors zone.
18:06 of 2nd period - Slapshot by Seth Griffith.
18:06 of 2nd period - Stopped by Mads Sogaard with a rebound.
18:43 of 2nd period - Icing by James Hamblin.
18:44 of 2nd period - Kole Lind wins face-off versus Noah Philp in Bakersfield Condors zone.
18:52 of 2nd period - Minor Penalty to Noah Philp for Roughing.
18:53 of 2nd period - Shane Wright wins face-off versus James Hamblin in Bakersfield Condors zone.
19:07 of 2nd period - Backhand shot by Shane Wright.
19:07 of 2nd period - Stopped by Olivier Rodrigue with a rebound.
19:09 of 2nd period - Slapshot by Jimmy Schuldt.
19:09 of 2nd period - Goal by Jimmy Schuldt - Coachella Valley Firebirds : 3 - Bakersfield Condors : 1.
19:10 of 2nd period - Shane Wright wins face-off versus Drake Caggiula in neutral zone.
19:19 of 2nd period - Wrist shot by Drake Caggiula.
19:19 of 2nd period - Deflect By Noah Philp.
19:19 of 2nd period - Shot Misses the Net.
19:19 of 2nd period - Puck is out of play.
19:20 of 2nd period - Shane Wright wins face-off versus Lane Pederson in Coachella Valley Firebirds zone.
19:31 of 2nd period - Snap shot by Drake Caggiula.
19:31 of 2nd period - Goal by Drake Caggiula - Coachella Valley Firebirds : 3 - Bakersfield Condors : 2.
19:32 of 2nd period - Xavier Bourgault wins face-off versus Marian Studenic in neutral zone.
19:56 of 2nd period - Minor Penalty to Kole Lind for Tripping.
19:57 of 2nd period - Marian Studenic wins face-off versus Noah Philp in Coachella Valley Firebirds zone.
Goals for this period are 3 for Coachella Valley Firebirds vs 1 for Bakersfield Condors.
Shots for this period are 11 for Coachella Valley Firebirds vs 5 for Bakersfield Condors.

3rd period


0:01 of 3rd period - Noah Philp wins face-off versus Marian Studenic in neutral zone.
0:55 of 3rd period - Icing by Cam Dineen.
0:56 of 3rd period - Luke Henman wins face-off versus Greg McKegg in Bakersfield Condors zone.
1:23 of 3rd period - Minor Penalty to Luke Henman for Cross-checking.
1:24 of 3rd period - Max McCormick wins face-off versus Noah Philp in Coachella Valley Firebirds zone.
1:24 of 3rd period - Max McCormick is hit by Noel Hoefenmayer.
1:38 of 3rd period - Slapshot by Gustav Olofsson.
1:38 of 3rd period - Shot Misses the Net.
1:56 of 3rd period - Penalty to Kole Lind is over, Kole Lind is back on ice.
3:23 of 3rd period - Penalty to Luke Henman is over, Luke Henman is back on ice.
3:59 of 3rd period - Shane Wright is hit by Carter Savoie and loses puck.
6:37 of 3rd period - Kole Lind is hit by Lane Pederson and loses puck.
9:30 of 3rd period - Icing by Drake Caggiula.
9:31 of 3rd period - Greg McKegg wins face-off versus Kole Lind in Bakersfield Condors zone.
9:31 of 3rd period - Greg McKegg is hit by Marian Studenic.
10:37 of 3rd period - Ty Tullio is hit by Ville Petman and loses puck.
12:31 of 3rd period - Minor Penalty to Max McCormick for Tripping.
12:32 of 3rd period - Noah Philp wins face-off versus Marian Studenic in Coachella Valley Firebirds zone.
12:37 of 3rd period - Snap shot by James Hamblin.
12:37 of 3rd period - Goal by James Hamblin - Coachella Valley Firebirds : 3 - Bakersfield Condors : 3.
12:38 of 3rd period - Xavier Bourgault wins face-off versus Shane Wright in neutral zone.
12:42 of 3rd period - Minor Penalty to Max McCormick for Holding.
12:43 of 3rd period - Noah Philp wins face-off versus Marian Studenic in Coachella Valley Firebirds zone.
12:49 of 3rd period - Snap shot by Lane Pederson.
12:49 of 3rd period - Shot Misses the Net.
12:51 of 3rd period - Slapshot by Ben Gleason.
12:51 of 3rd period - Shot Blocked by Cale Fleury.
13:18 of 3rd period - Kole Lind is hit by Ben Gleason.
13:28 of 3rd period - Wrist shot by Cameron Hughes.
13:28 of 3rd period - Stopped by Olivier Rodrigue with a rebound.
13:30 of 3rd period - Slapshot by Ryker Evans.
13:30 of 3rd period - Stopped by Olivier Rodrigue without a rebound.
13:31 of 3rd period - Noah Philp wins face-off versus Luke Henman in Bakersfield Condors zone.
13:38 of 3rd period - Gustav Olofsson is hit by Cam Dineen and loses puck.
13:55 of 3rd period - Philip Kemp is hit by Gustav Olofsson and loses puck.
14:42 of 3rd period - Penalty to Max McCormick is over, Max McCormick is back on ice.
14:44 of 3rd period - Icing by Jimmy Schuldt.
14:45 of 3rd period - Noah Philp wins face-off versus Luke Henman in Coachella Valley Firebirds zone.
14:48 of 3rd period - Wrist shot by Lane Pederson.
14:48 of 3rd period - Stopped by Mads Sogaard with a rebound.
14:53 of 3rd period - Off-side.
14:54 of 3rd period - Kole Lind wins face-off versus Xavier Bourgault in neutral zone.
14:59 of 3rd period - Wrist shot by Kole Lind.
14:59 of 3rd period - Stopped by Olivier Rodrigue without a rebound.
15:00 of 3rd period - Kole Lind wins face-off versus Greg McKegg in Bakersfield Condors zone.
15:48 of 3rd period - Andrew Poturalski is hit by Noah Philp and loses puck.
16:26 of 3rd period - Off-side.
16:27 of 3rd period - Xavier Bourgault wins face-off versus Shane Wright in neutral zone.
16:36 of 3rd period - Snap shot by Shane Wright.
16:36 of 3rd period - Stopped by Olivier Rodrigue without a rebound.
16:37 of 3rd period - Ville Petman wins face-off versus Drake Caggiula in Bakersfield Condors zone.
16:38 of 3rd period - Backhand shot by Cameron Hughes.
16:38 of 3rd period - Stopped by Olivier Rodrigue without a rebound.
16:39 of 3rd period - Drake Caggiula wins face-off versus Ville Petman in Bakersfield Condors zone.
16:54 of 3rd period - Slapshot by Lane Pederson.
16:54 of 3rd period - Shot Blocked by Gustav Olofsson.
18:25 of 3rd period - Kole Lind is hit by Seth Griffith and loses puck.
19:19 of 3rd period - Wrist shot by Carter Savoie.
19:19 of 3rd period - Stopped by Mads Sogaard with a rebound.
19:32 of 3rd period - Xavier Bourgault is hit by David Goyette and loses puck.
Goals for this period are 0 for Coachella Valley Firebirds vs 1 for Bakersfield Condors.
Shots for this period are 5 for Coachella Valley Firebirds vs 3 for Bakersfield Condors.

Overtime #1


0:01 of 1st overtime period - Carter Savoie wins face-off versus Shane Wright in neutral zone.
0:10 of 1st overtime period - Off-side.
0:11 of 1st overtime period - Shane Wright wins face-off versus Carter Savoie in neutral zone.
0:16 of 1st overtime period - Snap shot by Xavier Bourgault.
0:16 of 1st overtime period - Stopped by Mads Sogaard without a rebound.
0:17 of 1st overtime period - Shane Wright wins face-off versus Carter Savoie in Coachella Valley Firebirds zone.
0:31 of 1st overtime period - Snap shot by Markus Niemelainen.
0:31 of 1st overtime period - Stopped by Mads Sogaard with a rebound.
0:33 of 1st overtime period - Wrist shot by Carter Savoie.
0:33 of 1st overtime period - Shot Misses the Net.
0:43 of 1st overtime period - Snap shot by Ty Tullio.
0:43 of 1st overtime period - Shot Blocked by Cale Fleury.
0:45 of 1st overtime period - Slapshot by Markus Niemelainen.
0:45 of 1st overtime period - Stopped by Mads Sogaard with a rebound.
0:47 of 1st overtime period - Snap shot by Markus Niemelainen.
0:47 of 1st overtime period - Shot Blocked by Tye Kartye.
0:49 of 1st overtime period - Wrist shot by Drake Caggiula.
0:49 of 1st overtime period - Shot Blocked by Cale Fleury.
0:51 of 1st overtime period - Snap shot by Ty Tullio.
0:51 of 1st overtime period - Shot Hit the Post.
0:53 of 1st overtime period - Snap shot by Ty Tullio.
0:53 of 1st overtime period - Shot Misses the Net.
1:09 of 1st overtime period - Snap shot by Marian Studenic.
1:09 of 1st overtime period - Stopped by Olivier Rodrigue with a rebound.
2:30 of 1st overtime period - Snap shot by Ryker Evans.
2:30 of 1st overtime period - Stopped by Olivier Rodrigue without a rebound.
2:31 of 1st overtime period - Shane Wright wins face-off versus Seth Griffith in Bakersfield Condors zone.
2:36 of 1st overtime period - Backhand shot by Shane Wright.
2:36 of 1st overtime period - Stopped by Olivier Rodrigue with a rebound.
2:38 of 1st overtime period - Snap shot by Marian Studenic.
2:38 of 1st overtime period - Shot Blocked by Noel Hoefenmayer.
2:38 of 1st overtime period - Noel Hoefenmayer from Bakersfield Condors is injured at 2:38 of 1st overtime period (Right Leg).
2:39 of 1st overtime period - Carter Savoie wins face-off versus Shane Wright in Bakersfield Condors zone.
2:44 of 1st overtime period - Wrist shot by Markus Niemelainen.
2:44 of 1st overtime period - Deflect By Xavier Bourgault.
2:44 of 1st overtime period - Shot Blocked by Cale Fleury.
2:44 of 1st overtime period - Puck is out of play.
2:45 of 1st overtime period - Shane Wright wins face-off versus Carter Savoie in Coachella Valley Firebirds zone.
2:52 of 1st overtime period - Wrist shot by Shane Wright.
2:52 of 1st overtime period - Deflect By Marian Studenic.
2:52 of 1st overtime period - Stopped by Olivier Rodrigue without a rebound.
2:53 of 1st overtime period - Shane Wright wins face-off versus Carter Savoie in Bakersfield Condors zone.
2:56 of 1st overtime period - Slapshot by Marian Studenic.
2:56 of 1st overtime period - Shot Blocked by Xavier Bourgault.
3:04 of 1st overtime period - Slapshot by Markus Niemelainen.
3:04 of 1st overtime period - Deflect By Xavier Bourgault.
3:04 of 1st overtime period - Stopped by Mads Sogaard with a rebound.
3:06 of 1st overtime period - Slapshot by Markus Niemelainen.
3:06 of 1st overtime period - Stopped by Mads Sogaard with a rebound.
3:08 of 1st overtime period - Snap shot by Xavier Bourgault.
3:08 of 1st overtime period - Stopped by Mads Sogaard without a rebound.
3:09 of 1st overtime period - Carter Savoie wins face-off versus Shane Wright in Coachella Valley Firebirds zone.
3:12 of 1st overtime period - Slapshot by Markus Niemelainen.
3:12 of 1st overtime period - Deflect By Xavier Bourgault.
3:12 of 1st overtime period - Shot Misses the Net.
3:12 of 1st overtime period - Puck is out of play.
3:13 of 1st overtime period - Shane Wright wins face-off versus Carter Savoie in Coachella Valley Firebirds zone.
3:20 of 1st overtime period - Snap shot by Marian Studenic.
3:20 of 1st overtime period - Shot Blocked by Xavier Bourgault.
3:42 of 1st overtime period - Slapshot by Cale Fleury.
3:42 of 1st overtime period - Shot Blocked by Markus Niemelainen.
3:50 of 1st overtime period - Slapshot by Tye Kartye.
3:50 of 1st overtime period - Goal by Tye Kartye - Coachella Valley Firebirds : 4 - Bakersfield Condors : 3.
Goals for this period are 1 for Coachella Valley Firebirds vs 0 for Bakersfield Condors.
Shots for this period are 5 for Coachella Valley Firebirds vs 6 for Bakersfield Condors.